Orko, chaotic male orcish Wizard ------ |....| ------------- |....| ------------- ##............. |.....## #............| # |...........| --|---# -|----- ###|..<..o.....-##g## ## -.----.-.---- ### #### |.....| # |......&....|################## ##### #####+.....| ### |...........|# ### # ### ##|.....| # |...........-### # ## # # #......| # -------------# # ## ######### # ------- # ############# ### ##### #--.--.------- # # # --|--- #|...........| -----# ### ###|{...| #-...........| |...|# # #.....| |...........| |>...# ### |....| ............| |...| # ------ ------------- |...|### |....# ----- Orko the Thaumaturge Experience level: 6 Strength: 10 Dexterity: 14 Constitution: 12 Intelligence: 16 Wisdom: 13 Charisma: 11 Health: 0(41) Energy: 5(45) Def: 0 Gold: 591 Moves: 1734 Dungeon seed: cjcH6cO2zbqi5eJS Game ID: Orko_1570948865 Your Inventory: Rings x - a cursed ring of polymorph (on right hand) E - a cursed ring of aggravate monster (on left hand) Weapons c - an uncursed +0 scimitar named . (weapon in hand) Wands Q - an uncursed wand of teleportation (0:0) Potions W - an uncursed potion of paralysis Scrolls O - a cursed scroll of fire Comestibles U - 3 uncursed food rations V - 2 uncursed eggs Tools m - an uncursed mirror Gems n - an uncursed amber stone q - an uncursed worthless piece of blue glass Coins $ - 591 gold pieces Spells and supernatural/magical abilities: Name Level Category Fail Memory a - force bolt 1 attack 0% 92% n - detect monsters 1 divination 0% 92% W - pray for help -- divine ? -- Your skills at the end: Fighting Skills Weapon Skills quarterstaff [Basic] Spellcasting Skills attack spells [Basic] enchantment spells [Basic] Final Attributes: You were piously aligned. You were poison resistant. You were hallucinating. You had infravision. You aggravated monsters. You were polymorphing. You were a werewolf. You were lucky. You are dead. Vanquished creatures: 2 wolves a leprechaun a wood nymph a rock piercer a pony an elf zombie a floating eye a giant bat a werejackal 2 manes a hobgoblin a giant rat a yellow mold a gecko 3 foxes a kobold 2 goblins 3 sewer rats 4 grid bugs a bat a lichen a kobold zombie 2 newts and a partridge in a pear tree 34 creatures vanquished. Voluntary challenges: You were an atheist. You used a wielded weapon 12 times, starting on turn 135. You read items or engraved 1 time, starting on turn 1450. You never genocided any monsters. You never polymorphed an object. You changed form 9 times, starting on turn 881. You used no wishes. You never split a pudding. You never wrote Elbereth's name. You violated your moral code, losing 23 points of alignment, starting on turn 849. You abstained from Elbereth's help. You werepermanently hallucinating. Dungeon overview: The Dungeons of Doom: levels 1 to 10 Level 1 a long staircase Level 2 some fountains stairs to The Gnomish Mines Level 3 a fountain Level 4 Level 5 a sink Level 6 an altar to Anhur, a fountain Level 7 many fountains Level 8 a general store, a fountain Level 9 <- You were here a fountain Level 10 The Gnomish Mines: Level 3 stairs to The Dungeons of Doom History has recorded: On T:1 you entered the Dungeons of Doom to retrieve the Amulet of Yendor! On T:208 you reached level 2 of The Dungeons of Doom. On T:212 you reached level 1 of The Gnomish Mines. On T:473 you advanced to experience level 2. On T:485 you reached level 3 of The Dungeons of Doom. On T:617 you reached level 4 of The Dungeons of Doom. On T:730 you reached level 5 of The Dungeons of Doom. On T:852 you advanced to experience level 3. On T:939 you reached level 6 of The Dungeons of Doom. On T:1004 you reached level 7 of The Dungeons of Doom. On T:1093 you advanced to experience level 4. On T:1152 you reached level 8 of The Dungeons of Doom. On T:1183 you reached level 9 of The Dungeons of Doom. On T:1582 you reached level 10 of The Dungeons of Doom. Score breakdown: Gold: 591 ( 9430 points) Experience: 6 levels (12456 points) Exploration: 10 levels ( 20.00%) (12857 points) Discoveries: 4 items ( 1.45%) ( 3611 points) Valuables value: (no points given unless you survive) Artifact value: 0 ( 0 points) Variety of kills: 23 monsters ( 6.04%) ( 7370 points) Turncount: 1734 turns ( 0 points) Survival: died (score multiplied by 80%) Total score: 36579 Latest messages: The winter wolf cub ignores its reflection. The lizard bites! The spell hits it. (2x) The guardian naga hatchling resists! The iron golem bites! You are now wielding your curved sword named .. The wererat bites! You kill the shrieker! You hit it. The Olog-hai bites! You hit it. The Klingon bites! You miss it. The ogre lord bites! A trap door opens up under you! You see a door open. You miss it. The purple worm hits! The giant mimic hits! You die... Final status: Goodbye Orko the Wizard, killed by a hallucinogen-distorted owlbear... You died in The Dungeons of Doom on dungeon level 9 with 36579 points, and 591 pieces of gold, after 1734 moves. You were level 6 with a maximum of 41 hit points when you died.